 Dungeon Crawl Stone Soup version 0.22.1-5-g62c59d9 (webtiles) character file.

2007 Fang the Cleaver (level 9, 0/56 HPs)
             Began as a Gargoyle Berserker on Jan 8, 2019.
             Was an Elder of Trog.
             Slain by a hound (2 damage)
             ... on level 7 of the Dungeon.
             The game lasted 00:08:42 (6343 turns).

Fang the Cleaver (Gargoyle Berserker)               Turns: 6343, Time: 00:08:42

Health: 0/56       AC: 20    Str: 24    XL:     9   Next: 22%
Magic:  9/9        EV:  8    Int:  8    God:    Trog [****..]
Gold:   423        SH:  0    Dex:  9    Spells: 8/8 levels left

rFire    . . .     SeeInvis .   a - +0 hand axe
rCold    + . .     Gourm    .   (no shield)
rNeg     + . .     Faith    .   F - +0 plate armour
rPois    ∞         Spirit   .   (no helmet)
rElec    +         Reflect  .   (no cloak)
rCorr    .         Harm     .   p - +0 pair of gloves (curse)
MR       .....                  (no boots)
Stlth    ..........             (no amulet)
HPRegen  0.18/turn              e - +2 ring of protection
MPRegen  0.11/turn              m - ring of protection from cold

@: berserk cooldown, slowed, very slow
A: negative energy resistance 1, electricity resistance, unbreathing,
petrification resistance, rot immunity, AC +6
a: Berserk, Trog's Hand, Brothers in Arms, Renounce Religion


You were on level 7 of the Dungeon.
You worshipped Trog.
Trog was greatly pleased with you.
You were not hungry.

You visited 2 branches of the dungeon, and saw 8 of its levels.

You collected 423 gold pieces.

Inventory:

Hand Weapons
 a - a +0 hand axe (weapon)
Armour
 p - a cursed +0 pair of gloves (worn)
 F - a +0 plate armour (worn)
Jewellery
 e - a +2 ring of protection (left hand)
 m - a ring of protection from cold (right hand)
Wands
 A - a wand of flame (41)
 C - a wand of paralysis (18)
Scrolls
 d - 2 scrolls of enchant armour {unknown}
 h - 6 scrolls of identify {unknown}
 j - 2 scrolls of immolation {unknown}
 l - 2 scrolls of noise {unknown}
 n - 4 scrolls of magic mapping {unknown}
 u - 9 scrolls of remove curse {unknown}
 w - 3 scrolls of fear {unknown}
 x - 2 scrolls of amnesia {unknown}
 y - 3 scrolls of teleportation {unknown}
 E - 2 scrolls of summoning {unknown}
Potions
 f - a potion of magic {unknown}
 g - 2 potions of curing {unknown}
 i - 3 potions of brilliance {unknown}
 k - 3 potions of haste {unknown}
 o - a potion of lignification {unknown}
 q - 3 potions of mutation {unknown}
 r - a potion of berserk rage {unknown}
 s - 2 potions of resistance {unknown}
 t - 2 potions of agility {unknown}
 v - 2 potions of flight {unknown}
 z - a potion of degeneration {unknown}
 B - a potion of heal wounds {unknown}
 D - a potion of might
Comestibles
 c - 13 rations


   Skills:
 + Level 6.7 Fighting
 + Level 8.3 Axes
 + Level 2.7 Armour
 + Level 4.2 Dodging
 + Level 3.8 Stealth


You had 8 spell levels left.
You didn't know any spells.
Your spell library was empty.

Dungeon Overview and Level Annotations

Branches:
Dungeon (7/15)             Temple (1/1) D:4

Altars:
Cheibriados
Dithmenos
Elyvilon
Fedhas
Kikubaaqudgha
Makhleb
Nemelex Xobeh
Okawaru
Qazlal
Vehumet
Yredelemnul


Innate Abilities, Weirdness & Mutations

You are resistant to torment.
Your stone body is resilient. (AC +6)
You are immune to poison.
You resist negative energy. (rN+)
You are resistant to electric shocks. (rElec)
You can survive without breathing.
You are immune to petrification.
You are immune to rotting.


Message History

The hound is lightly wounded.
The hound bites you but does no damage.
You hit the hound but do no damage.
The hound is lightly wounded.
You lose consciousness!
The hound bites you but does no damage. The hound bites you.
* * * LOW HITPOINT WARNING * * *
The hound bites you but does no damage.
The hound bites you but does no damage. x10
The hound bites you.
* * * LOW HITPOINT WARNING * * *
The hound bites you.
* * * LOW HITPOINT WARNING * * *
You are no longer corroded.
The hound bites you but does no damage.
The hound bites you but does no damage. x3
You can move again.
You eat one of the 14 rations.
That ration really hit the spot!
The hound bites you.
You die...

# .#.# .
#.># .##...
.%.. #...
#..# #..#
#.<# #h@#
#.........
#.........
..........
....#######
...<.#
#..#..#
......#


You could see a hound.

Vanquished Creatures
  Prince Ribbit (D:6)
  Sigmund (D:3)
  A hungry ghost (D:7)
  Duvessa (D:4)
  An orc warrior (D:6)
  A sky beast (D:5)
  An ice beast (D:6)
  An ogre (D:5)
  3 bullfrogs (D:6)
  Dowan (D:4)
  A scorpion (D:5)
  A howler monkey (D:4)
  A crimson imp (D:6)
  A bullfrog zombie (D:7)
  A hound (D:4)
  A centaur skeleton (D:4)
  A jelly (D:7)
  5 orc wizards
  Jessica (D:2)
  Ijyb (D:4)
  2 worker ants
  Natasha (thrice) (D:4)
  2 hound zombies
  Robin (D:4)
  7 gnolls
  An adder (D:3)
  2 oozes
  6 worms
  A dart slug (D:4)
  3 leopard geckos
  21 orcs
  4 giant cockroaches
  6 hobgoblins
  7 jackals
  3 kobolds
  3 quokkas
  5 bats
  3 frilled lizards
  A giant cockroach zombie (D:6)
  19 goblins
  5 rats
131 creatures vanquished.

Notes
Turn   | Place    | Note
-------+----------+-------------------------------------------
     0 | D:1      | Fang the Gargoyle Berserker began the quest for the Orb.
     0 | D:1      | Reached XP level 1. HP: 14/14 MP: 1/1
   108 | D:1      | Reached skill level 3 in Axes
   108 | D:1      | Reached XP level 2. HP: 14/19 MP: 2/2
  1086 | D:2      | Reached XP level 3. HP: 24/24 MP: 3/3
  1097 | D:2      | Reached ** piety under Trog
  1228 | D:2      | Found a basalt altar of Yredelemnul.
  1489 | D:2      | Noticed Jessica
  1495 | D:2      | Killed Jessica
  1495 | D:2      | Reached skill level 1 in Stealth
  1495 | D:2      | Reached XP level 4. HP: 21/29 MP: 4/4
  1567 | D:2      | Found a stormy altar of Qazlal.
  1567 | D:2      | Found a snail-covered altar of Cheibriados.
  1638 | D:3      | Noticed Sigmund
  1651 | D:3      | Killed Sigmund
  1651 | D:3      | Reached skill level 4 in Axes
  1651 | D:3      | Reached XP level 5. HP: 26/34 MP: 5/5
  1651 | D:3      | Reached XP level 6. HP: 29/39 MP: 6/6
  1888 | D:3      | Found a shadowy altar of Dithmenos.
  2181 | D:4      | Reached skill level 5 in Axes
  2220 | D:4      | Noticed Duvessa
  2220 | D:4      | Noticed Dowan
  2233 | D:4      | Killed Duvessa
  2235 | D:4      | Killed Dowan
  2235 | D:4      | Reached XP level 7. HP: 44/44 MP: 7/7
  2399 | D:4      | Noticed Ijyb
  2433 | D:4      | Killed Ijyb
  2523 | D:4      | Reached skill level 5 in Fighting
  2532 | D:4      | Reached *** piety under Trog
  2541 | D:4      | Noticed Robin
  2563 | D:4      | Killed Robin
  2971 | D:4      | Noticed Natasha
  2983 | D:4      | Killed Natasha
  3109 | D:4      | Found a snail-covered altar of Cheibriados.
  3140 | D:4      | Found a radiant altar of Vehumet.
  3153 | D:4      | Reached skill level 6 in Axes
  3249 | D:4      | Noticed Natasha
  3265 | D:4      | Killed Natasha
  3292 | D:4      | Found a staircase to the Ecumenical Temple.
  3294 | D:4      | Noticed Natasha
  3306 | D:4      | Killed Natasha
  3526 | Temple   | Entered the Ecumenical Temple
  3654 | D:5      | Entered Level 5 of the Dungeon
  3678 | D:5      | Found a sparkling altar of Nemelex Xobeh.
  3732 | D:5      | Found a burning altar of Makhleb.
  3748 | D:5      | Reached XP level 8. HP: 46/50 MP: 8/8
  3759 | D:5      | Found a blossoming altar of Fedhas.
  4199 | D:5      | Found the +8 demon blade "Leech" {vamp, rN+ AC-3 EV-3}
  4220 | D:5      | Found a white marble altar of Elyvilon.
  4630 | D:6      | Reached **** piety under Trog
  4788 | D:6      | Found an iron altar of Okawaru.
  4843 | D:6      | Found an ancient bone altar of Kikubaaqudgha.
  4922 | D:6      | Reached skill level 7 in Axes
  4970 | D:6      | Noticed Prince Ribbit
  5739 | D:6      | Killed Prince Ribbit
  5739 | D:6      | Reached skill level 8 in Axes
  5739 | D:6      | Reached XP level 9. HP: 48/56 MP: 9/9
  5810 | D:6      | Found a burning altar of Makhleb.
  5811 | D:6      | Noticed a balrug
  6331 | D:7      | Paralysed by fainting for 12 turns
  6339 | D:7      | HP: 1/56 [hound (3)]
  6343 | D:7      | Slain by a hound

Skill      XL: |  1  2  3  4  5  6  7  8 |
---------------+-------------------------+-----
Axes           | 3 4 5 6 8 |  8.3
Stealth        | 1 2 3 |  3.8
Fighting       | 4 5 6 |  6.7
Dodging        | 2 3 4 |  4.2
Armour         | |  2.7

Action                   |  1- 3 |  4- 6 |  7- 9 || total
-------------------------+-------+-------+-------++-------
Melee: Hand axe          |    96 |    87 |   431 ||   614
Invok: Berserk           |       |     2 |     4 ||     6
 Stab: Sleeping          |     1 |     1 |     3 ||     5
  Eat: Chunk             |     2 |     3 |    12 ||    17
       Ration            |       |       |     3 ||     3
Armor: Animal skin       |    36 |    27 |   129 ||   192
       Plate armour      |       |       |   100 ||   100
Dodge: Dodged            |    65 |    32 |   247 ||   344
